 Dungeon Crawl Stone Soup version 0.29-a0-234-g0dae59b3db (webtiles) character file.

Game seed: 17677313358661254902

39 testman the Bolt Thrower (level 3, -2/29 HPs)
             Began as a Formicid Hunter on Mar 3, 2022.
             Was an Initiate of Yredelemnul.
             Slain by an adder (3 damage)
             ... on level 3 of the Dungeon.
             The game lasted 00:04:07 (1393 turns).

testman the Bolt Thrower (Formicid Hunter)          Turns: 1393, Time: 00:04:08

Health: -2/29      AC:  3    Str: 16    XL:     3   Next: 67%
Magic:  3/3        EV: 10    Int: 10    God:    Yredelemnul [......]
Gold:   106        SH:  7    Dex: 13    Spells: 2/2 levels left

rFire   . . .      SeeInvis +   a - +1 hand crossbow
rCold   . . .      Faith    .   h - +0 kite shield
rNeg    + . .      Spirit   .   b - +0 leather armour
rPois   .          Reflect  .   (helmet unavailable)
rElec   .          Harm     .   (no cloak)
rCorr   .          Rampage  .   (no gloves)
Will    .....                   (no boots)
Stlth   +.........              (no amulet)
HPRegen 0.09/turn               l - ring of positive energy
MPRegen 0.08/turn               (no ring)

@: lethally poisoned (-2 -> -12)
A: permanent stasis, dig shafts and tunnels, antennae 3, four strong arms
a: Dig, Shaft Self, Renounce Religion, Recall Undead Harvest


You were on level 3 of the Dungeon.
You worshipped Yredelemnul.
Yredelemnul was noncommittal.
You visited 1 branch of the dungeon, and saw 3 of its levels.

You collected 106 gold pieces.

Inventory:

Hand Weapons
 a - a +1 hand crossbow (weapon)
Armour
 b - a +0 leather armour (worn)
 h - a +0 kite shield (worn)
Jewellery
 l - a ring of positive energy (left hand)
Wands
 m - a wand of flame (18)
Scrolls
 c - 2 scrolls of magic mapping {unknown}
 e - a scroll of teleportation {unknown}
 f - a scroll of vulnerability {unknown}
 g - a scroll of identify {unknown}
 i - 3 scrolls of blinking {unknown}
 j - a scroll of enchant armour {unknown}
Potions
 d - a potion of heal wounds {unknown}
 k - a potion of degeneration {unknown}
 n - a potion of berserk rage {unknown}


   Skills:
 + Level 3.1 Fighting
 + Level 4.5 Crossbows
 - Level 1.7 Dodging
 - Level 1.2 Stealth
 + Level 1.2 Shields


You had 2 spell levels left.
You didn't know any spells.
Your spell library contained the following spells:

 Spells                   Type           Power      Damage    Failure   Level
 Summon Small Mammal      Summ           0%         N/A       77%         1
 Call Canine Familiar     Summ           0%         N/A       98%         3
 Summon Guardian Golem    Hex/Summ       0%         N/A       98%         3
 Orb of Destruction       Conj           0%         9d5       100%        7
 Spellforged Servitor     Conj/Summ      0%         N/A       100%        7


Dungeon Overview and Level Annotations

Branches:
Dungeon (3/15)

Altars:
Yredelemnul


Innate Abilities, Weirdness & Mutations

You cannot be hasted, slowed, berserked, paralysed or teleported.
You can dig through walls and to a lower floor.
You have a pair of large antennae on your head. (SInv)
Your four strong arms can wield two-handed weapons with a shield.


Message History

You shoot a bolt. The bolt barely misses the adder.
You feel sick.
You are no longer poisoned.
You block the adder's attack. x2
You are too injured to fight recklessly!
You are too injured to fight recklessly!
Non-targeted abil: Dig
Press: ? - help, Q - select action, (/) - cycle Dir - look around, f - activate You extend your mandibles.
Non-targeted abil: Dig
Press: ? - help, Q - select action, (/) - cycle Dir - look around, f - activate You retract your mandibles.
Shoot: a) +1 hand crossbow
Press: ? - help, Q - select action, (/) - cycle Shift-Dir - straight line, f - adder
Aim: an adder (almost dead, 46% to hit)
You shoot a bolt. The bolt barely misses the adder.
The adder bites you.
You are poisoned.
The adder poisons you! The adder bites you but does no damage.
Shoot: a) +1 hand crossbow
Press: ? - help, Q - select action, (/) - cycle Shift-Dir - straight line, f/p - adder
Aim: an adder (almost dead, 46% to hit)
You shoot a bolt. The bolt barely misses the adder.
You feel sick. The adder bites you.
* * * LOW HITPOINT WARNING * * *
You are lethally poisoned!
The adder poisons you! The adder bites you.
* * * LOW HITPOINT WARNING * * *
You are more poisoned.
The adder poisons you!
Shoot: a) +1 hand crossbow
Press: ? - help, Q - select action, (/) - cycle Shift-Dir - straight line, f/p - adder
Aim: an adder (almost dead, 46% to hit)
You shoot a bolt.
The bolt hits the adder but does no damage.
The adder is almost dead.
* * * LOW HITPOINT WARNING * * *
You feel very sick. The adder bites you.
You die...
Your body rises from the dead as a mindless zombie.

... .# # #.#
#.## . #. #.#
..... ..##. #.#
.....
...............
......#.#....##
#.....S......
#@#
...............
#..............
......#.#....##
.............#
.............#
..... ... .....
#.#...#.#.#..##


You could see an adder.

Vanquished Creatures
  An adder (D:2)
  A worm (D:2)
  3 ball pythons
  3 bats
  2 endoplasms
  2 giant cockroaches
  A goblin (D:2)
  4 hobgoblins
  5 kobolds
  A quokka (D:1)
  A rat (D:2)
24 creatures vanquished.

Vanquished Creatures (others)
  A plant (D:2)
1 creature vanquished.

Grand Total: 25 creatures vanquished

Notes
Turn   | Place    | Note
-------+----------+-------------------------------------------
     0 | D:1      | testman the Formicid Hunter began the quest for the Orb.
     0 | D:1      | Reached XP level 1. HP: 16/16 MP: 1/1
   400 | D:1      | Reached XP level 2. HP: 23/23 MP: 2/2
   702 | D:2      | Reached XP level 3. HP: 26/28 MP: 3/3
   834 | D:2      | Reached skill level 1 in Shields
  1250 | D:2      | Found a faded altar of an unknown god.
  1264 | D:2      | Prayed at the altar of an unknown god.
  1264 | D:2      | Became a worshipper of Yredelemnul the Dark
  1264 | D:2      | Reached * piety under Yredelemnul
  1393 | D:3      | HP: 1/29 [poisoned by an adder]
  1393 | D:3      | Slain by an adder

Illustrated notes

Levels and vault maps discovered:
D:1:      eino_arrival_cavern_b, layout_basic, serial_glass, glass_columns_a,
          glass_columns_c
D:2:      layout_basic, shapermc_ecumenical_altar_ellora
D:3:      gammafunk_steamed_eel, layout_basic, serial_shops, nicolae_shop_stone,
          gup_sewer_entry_pipe, serial_bayou_pond_a, due_unseen_surprise

Skill      XL: |  1  2  3 |
---------------+----------+-----
Fighting       | 3 |  3.1
Shields        | 1 |  1.2
Crossbows      | |  4.5
Dodging        | |  1.7
Stealth        | |  1.2

Action                   || total
-------------------------++-------
 Fire: Hand crossbow     ||    72
 Abil: Dig               ||     2
Armor: Leather armour    ||     9
Dodge: Dodged            ||    15
Block: Kite shield       ||    10

Table legend: (Time is in decaauts)
 A = Elapsed time spent in this place.
 B = Non-inter-level travel time spent in this place.
 C = Inter-level travel time spent in this place.
 D = Time resting spent in this place.
 E = Time spent auto-exploring this place.
 F = Levels seen in this place.
 G = Mean time per level.
                   A        B        C        D        E       F      G
               +--------+--------+--------+--------+--------+-----+--------+
         Total |   1423 |   1385 |     38 |      0 |   1180 |   3 |  474.3 |
       Dungeon |   1423 |   1385 |     38 |      0 |   1180 |   3 |  474.3 |
               +--------+--------+--------+--------+--------+-----+--------+

Top non-repeatable levels by time:
     D:2: 741 daAuts
     D:1: 665 daAuts
     D:3: 16 daAuts
